 Dungeon Crawl Stone Soup version 0.30-a0-311-gf115ab0292 (webtiles) character file.

Game seed: 3932850301985793838

301667 freelancePsychic the Warrior (level 20, -3/165 HPs)
             Began as a Demonspawn Wanderer on Oct 25, 2022.
             Was the Champion of Hepliaklqana.
             Killed from afar by an ironbound thunderhulk (41 damage)
             ... with a bolt of lightning
             ... on level 1 of the Vaults on Oct 26, 2022.
             The game lasted 02:01:00 (44352 turns).

freelancePsychic the Warrior (Demonspawn Wanderer) Turns: 44352, Time: 02:01:01

Health: -3/165     AC: 23    Str: 12    XL:     20   Next: 20%
Magic:  25/34      EV: 22    Int: 22    God:    Hepliaklqana [******]
Gold:   2103       SH: 16    Dex: 25    Spells: 17/40 levels left

rFire   + + .      SeeInvis .    b - +7 rapier of Oily Responsibility {freeze, Dex+6}
rCold   + + +      Faith    .    t - +2 kite shield {rC+}
rNeg    . . .      Spirit   .    J - +0 steam dragon scales
rPois   .          Reflect  .    (helmet unavailable)
rElec   .          Harm     .    i - +2 cloak
rCorr   .          Rampage  .    R - +2 pair of gloves
Will    +++..                    n - +2 pair of boots {Stlth+}
Stlth   +++.......               D - amulet of magic regeneration
HPRegen 0.47/turn                X - ring of the Leaf {rC+ Will+ AC+4 Int+3 Dex+2}
MPRegen 0.64/turn                W - ring "Eliujoc" {rF++ rC++ Will+ Stlth-}

@: very slightly contaminated, studying Axes
A: reduced essence, horns 3, yellow scales 2, foul stench 1, robust 1, demonic
magic 3
}: 2/15 runes: decaying, serpentine
a: Renounce Religion, Recall Ancestor, Ancestor Identity, Transference, Idealise


You were on level 1 of the Vaults.
You worshipped Hepliaklqana.
Hepliaklqana was exalted by your worship.
You visited 8 branches of the dungeon, and saw 35 of its levels.
You also visited: Gauntlet and Ice Cave.

You collected 6059 gold pieces.
You spent 3956 gold pieces at shops.

Inventory:

Hand Weapons
 b - the +7 rapier of Oily Responsibility (weapon) {freeze, Dex+6}
   (You took it off a deep elf sorcerer on level 3 of the Elven Halls)

   It freezes those it strikes, dealing additional cold damage.
   It can also slow down cold-blooded creatures.
   Dex:       It affects your dexterity (+6).
 G - the +8 demon blade "Leech" {vamp, Harm Drain rN+}
   (You took it off a deep elf pyromancer on level 3 of the Elven Halls)

   It heals its wielder for a portion of the damage dealt every time it strikes
   a living foe.
   rN:        It protects you from negative energy.
   Drain:     It drains your maximum health when unequipped.
   Harm:      It increases damage dealt and taken.
Armour
 i - a +2 cloak (worn)
 n - a +2 pair of boots of stealth (worn)
 t - a +2 kite shield of cold resistance (worn)
 y - +0 swamp dragon scales
 J - +0 steam dragon scales (worn)
 N - the +2 pair of boots of the Bedazzling Gods {Drain rElec Str+9 Int-3}
   (You bought it in a shop on level 9 of the Dungeon)

   Str:       It affects your strength (+9).
   Int:       It affects your intelligence (-3).
   rElec:     It insulates you from electricity.
   Drain:     It drains your maximum health when unequipped.
 R - a +2 pair of gloves (worn)
Magical Staves
 a - a staff of earth
Jewellery
 B - the ring of the Tortoise {AC+8}
   (You bought it in a shop on level 2 of the Elven Halls)

   [ring of protection]

   AC:        It affects your AC (+8).
 D - an amulet of magic regeneration (around neck)
 H - a +6 ring of intelligence
 I - the ring "Efuum" {+Blink rC+ rN+ Dex-2 Slay+3}
   (You took it off a deep elf elementalist on level 3 of the Elven Halls)

   [ring of protection from cold]

   Dex:       It affects your dexterity (-2).
   Slay:      It affects your accuracy & damage with ranged weapons and melee
   (+3).
   rC:        It protects you from cold.
   rN:        It protects you from negative energy.
   +Blink:    It lets you blink.
 K - a ring of flight
 S - a ring of protection from fire
 U - a +4 ring of protection
 W - the ring "Eliujoc" (right hand) {rF++ rC++ Will+ Stlth-}
   (You found it on level 1 of the Lair of Beasts)

   [ring of willpower]

   rF:        It greatly protects you from fire.
   rC:        It greatly protects you from cold.
   Will:      It increases your willpower.
   Stlth:     It makes you less stealthy.
 X - the ring of the Leaf (left hand) {rC+ Will+ AC+4 Int+3 Dex+2}
   (You found it in a Gauntlet)

   [ring of protection]

   AC:        It affects your AC (+4).
   Int:       It affects your intelligence (+3).
   Dex:       It affects your dexterity (+2).
   rC:        It protects you from cold.
   Will:      It increases your willpower.
Wands
 q - a wand of flame (46)
 u - a wand of iceblast (51)
 L - a wand of charming (31)
 O - a wand of light (27)
 P - a wand of polymorph (15)
 T - a wand of digging (19)
Scrolls
 c - 15 scrolls of identify {@r1}
 e - 3 scrolls of teleportation {@r4}
 g - 4 scrolls of brand weapon
 l - 4 scrolls of fear
 o - 8 scrolls of poison
 r - 9 scrolls of amnesia
 s - 8 scrolls of magic mapping
 w - 7 scrolls of enchant weapon
 A - 5 scrolls of noise
 Q - 10 scrolls of blinking
 V - 2 scrolls of silence
 Y - 2 scrolls of enchant armour
 Z - a scroll of butterflies
Potions
 d - 4 potions of resistance
 f - 4 potions of heal wounds {@q2}
 h - 5 potions of haste {@q3}
 j - 3 potions of ambrosia
 k - 9 potions of might
 m - 2 potions of attraction
 p - 10 potions of flight
 x - 11 potions of curing {@q1}
 z - 5 potions of brilliance
 C - 4 potions of mutation
 E - 3 potions of magic
 F - 6 potions of lignification
 M - 4 potions of berserk rage


   Skills:
 + Level 16.2 Fighting
 * Level 6.0 Short Blades
 - Level 3.5 Ranged Weapons
 - Level 6.0 Armour
 + Level 12.2 Dodging
 - Level 4.0 Stealth
 - Level 11.0 Shields
 - Level 10.6 Spellcasting
 - Level 16.1 Conjurations
 - Level 9.2 Transmutations
 - Level 14.9 Earth Magic
 - Level 2.7 Poison Magic
 - Level 9.9 Invocations


You had 17 spell levels left.
You knew the following spells:

 Your Spells              Type           Power      Damage    Failure   Level
a - Sting                 Tmut/Pois      100%       1d8       1%          1
b - Iskenderun's Battles  Conj           70%        2d12      1%          5
c - Magic Dart            Conj           100%       1d8       0%          1
d - Iron Shot             Conj/Erth      34%        9d7       3%          6
e - Lee's Rapid Deconstr  Erth           33%        3d17*     1%          5
h - Irradiate             Conj/Tmut      30%        3d21      1%          5

Your spell library contained the following spells:

 Spells                   Type           Power      Damage    Failure   Level
 Kiss of Death            Conj/Necr      100%       2d13      1%          1
 Momentum Strike          Conj/Tloc      94%        3d10      1%          2
 Passwall                 Tmut/Erth      50%        N/A       1%          2
 Static Discharge         Conj/Air       94%        2-6/arc   1%          2
 Dazzling Flash           Conj/Hex       94%        N/A       1%          3
 Petrify                  Tmut/Erth      60%        N/A       1%          4
 Mephitic Cloud           Conj/Pois/Air  39%        N/A       2%          3
 Spider Form              Tmut/Pois      38%        N/A       3%          3
 Fulminant Prism          Conj/Hex       23%        3d13      4%          4
 Iskenderun's Mystic Bla  Conj/Tloc      47%        2d10      4%          4
 Sticky Flame             Conj/Fire      47%        2d6       4%          4
 Leda's Liquefaction      Hex/Erth       22%        N/A       5%          4
 Ignite Poison            Fire/Tmut/Pois 29%        N/A       7%          3
 Blade Hands              Tmut           25%        N/A       8%          5
 Apportation              Tloc           22%        N/A       12%         1
 Necrotise                Necr           44%        1d6       12%         1
 Summon Small Mammal      Summ           44%        N/A       12%         1
 Arcjolt                  Conj/Air       23%        1d33      12%         5
 Fireball                 Conj/Fire      23%        3d11      12%         5
 Lightning Bolt           Conj/Air       23%        1d39      12%         5
 Cigotuvi's Dreadful Rot  Necr/Pois/Air  30%        N/A       13%         2
 Orb of Destruction       Conj           35%        9d10      13%         7
 Borgnjor's Vile Clutch   Necr/Erth      22%        N/A       16%         5
 Blink                    Tloc           22%        N/A       19%         2
 Call Imp                 Summ           11%        N/A       19%         2
 Ensorcelled Hibernation  Hex/Ice        22%        N/A       19%         2
 Sublimation of Blood     Necr           11%        N/A       19%         2
 Call Canine Familiar     Summ           11%        N/A       36%         3
 Gell's Gravitas          Tloc           11%        N/A       36%         3
 Kindle Blastsparks       Fire/Tloc/Air  22%        2d11      36%         3
 Lesser Beckoning         Tloc           22%        N/A       36%         3
 Ozocubu's Armour         Ice            11%        N/A       36%         3
 Portal Projectile        Hex/Tloc       22%        N/A       36%         3
 Swiftness                Air            11%        N/A       36%         3
 Teleport Other           Tloc           11%        N/A       36%         3
 Tukima's Dance           Hex            11%        N/A       36%         3
 Vhi's Electric Charge    Tloc/Air       22%        N/A       36%         3
 Yara's Violent Unravell  Hex/Tmut       16%        3d8       45%         5
 Conjure Ball Lightning   Conj/Air       23%        3x3d6     54%         6
 Anguish                  Hex/Necr       5%         N/A       77%         4
 Cause Fear               Hex            5%         N/A       77%         4
 Dispel Undead            Necr           11%        3d9       77%         4
 Manifold Assault         Tloc           11%        N/A       77%         4
 Passage of Golubria      Tloc           11%        N/A       77%         4
 Summon Ice Beast         Ice/Summ       11%        N/A       77%         4
 Dragon Form              Tmut           25%        N/A       92%         7
 Agony                    Necr           11%        N/A       98%         5
 Metabolic Englaciation   Hex/Ice        5%         N/A       98%         5
 Silence                  Hex/Air        5%         N/A       98%         5
 Summon Forest            Summ/Tloc      5%         N/A       98%         5
 Summon Mana Viper        Hex/Summ       11%        N/A       98%         5
 Spellforged Servitor     Conj/Summ      23%        N/A       98%         7
 Death Channel            Necr           5%         N/A       100%        6
 Dispersal                Tloc           5%         N/A       100%        6
 Simulacrum               Ice/Necr       5%         N/A       100%        6
 Summon Cactus Giant      Summ           5%         N/A       100%        6
 Enfeeble                 Hex            5%         N/A       100%        7
 Monstrous Menagerie      Summ           5%         N/A       100%        7
 Storm Form               Tmut/Air       16%        N/A       100%        7
 Disjunction              Tloc           5%         N/A       100%        8
 Ignition                 Fire           5%         3d4       100%        8
 Necromutation            Tmut/Necr      16%        N/A       100%        8
 Dragon's Call            Summ           5%         N/A       100%        9


Dungeon Overview and Level Annotations

Branches:
Dungeon (15/15)            Temple (1/1) D:6            Lair (5/5) D:9
  Swamp (4/4) Lair:3        Snake (4/4) Lair:3        Slime (0/5) Lair:4
    Orc (2/2) D:10            Elf (3/3) Orc:2        Vaults (1/5) D:14
 Depths (0/4) D:15          IceCv (visited)         Gauntlet (visited)

Altars:
Ashenzari
Cheibriados
Dithmenos
Fedhas
Gozag
Hepliaklqana
Kikubaaqudgha
Makhleb
Nemelex Xobeh
Okawaru
Qazlal
Ru
Sif Muna
Trog
Uskayaw
Vehumet
Wu Jian
Xom
Yredelemnul
Jiyva

Shops:
D:2 *   D:8 !   D:9 [   D:12 =*![   D:13 !   Orc:2 [:*(   Elf:2 =   Snake:1 :

Portals:
Hell: Lair:5

Annotations:
D:11 2 transporters, GleepGlorp's ghost, journeyman FoFi
Snake:1 1 runed translucent door, sirJeffrey23's ghost, adept MiFi
Snake:4 Roxanne
Elf:1 6 runed translucent doors
Elf:2 3 runed translucent doors


Innate Abilities, Weirdness & Mutations

Your life essence is reduced to manifest your ancestor. (-10% HP)
You have a pair of large horns on your head.
You are mostly covered in yellow scales. (AC +3)
You may rarely emit foul miasma when damaged in melee.
You are robust. (+10% HP)
Spells you cast and wands you use may paralyse nearby enemies.


Message History

Flame seeps out of the ironbound frostheart.
The ironbound frostheart is almost dead.
The fiery explosion engulfs the dire elephant!!
Flame seeps out of the dire elephant.
The dire elephant is severely wounded.
The fiery explosion engulfs the hell knight.
The hell knight completely resists.
The fiery explosion engulfs you! You resist.
* * * LOW HITPOINT WARNING * * *
The fire giant is engulfed in blazing flames.
Flame seeps out of the fire giant.
The ironbound frostheart is engulfed in blazing flames.
The ironbound frostheart explodes!
The fiery explosion engulfs the stone giant!!
Flame seeps out of the stone giant.
The stone giant is heavily wounded.
The fiery explosion engulfs the fire giant.
The fire giant resists.
Flame seeps out of the fire giant.
The fire giant is lightly wounded.
The fiery explosion engulfs the hell knight.
The hell knight completely resists.
You hear a shout!
Your Short Blades skill increases to level 6!
Lethe points at the hell knight and mumbles some strange words.
The bolt of magma hits the hell knight.
The hell knight partially resists.
Flame seeps out of the hell knight.
The bolt of magma hits the ironbound frostheart!
Flame seeps out of the ironbound frostheart.
The ironbound frostheart is engulfed in blazing flames.
Flame seeps out of the ironbound frostheart.
The fire giant casts a spell at you.
The bolt of fire hits the fire giant.
The fire giant resists.
Flame seeps out of the fire giant.
The bolt of fire hits the hell knight.
The hell knight completely resists.
The bolt of fire hits you! You resist.
* * * LOW HITPOINT WARNING * * *
The dire elephant is engulfed in blazing flames.
Flame seeps out of the dire elephant.
Electricity crackles from the ironbound thunderhulk's apparatus.
The bolt of lightning hits you!!!
You die...

##### #.... ....# ##.O..
....# ..... ....# ...c#
....# #Cp. ....# ##§CC##
....# #.§CpY#
###########'###§########
............)..R@.).....
........................
.............######+####
.............#
...(.........#
.............#
.............#
.............#
.........(...#


You could see the friendly Lethe the battlemage (fast, inner flame), a dire
elephant (inner flame, paralysed), 2 fire giants, 2 stone giants, an ironbound
thunderhulk (inner flame), a yaktaur captain (inner flame), a hell knight (fast,
inner flame, distracted, ally target) and an ironbound frostheart (inner flame,
paralysed).

Vanquished Creatures
  Vashnia (Snake:2)
  Jorgrun (D:14)
  2 deep elf blademasters (Elf:3)
  2 deep elf master archers (Elf:3)
  11 nagarajas
  Donald (Swamp:3)
  A fenstrider witch (Swamp:4)
  5 deep elf sorcerers
  3 deep elf elementalists
  3 orc warlords
  An ironbound preserver (Vaults:1)
  A stone giant (D:15)
  4 eleionomae
  8 deep elf annihilators (Elf:3)
  5 bunyips
  4 deep elf demonologists
  An entropy weaver (Gauntlet)
  4 deep elf death magi
  A yaktaur captain (Vaults:1)
  5 deep elf high priests
  A great orb of eyes (Vaults:1)
  14 hydras
  3 shambling mangroves
  An ogre mage (D:15)
  An ironbound frostheart (Vaults:1)
  An anaconda (shapeshifter) (Gauntlet)
  3 boulder beetles
  A catoblepas (Lair:5)
  A ghost crab (Swamp:2)
  6 anacondas
  4 centaur warriors
  7 alligators
  2 two-headed ogres
  14 dancing weapons
  10 naga warriors (Snake:4)
  6 death yaks
  A tengu warrior (D:15)
  4 orc high priests (Orc:2)
  A hell knight (Vaults:1)
  11 naga sharpshooters
  Sonja (D:12)
  10 deep elf knights
  4 spriggans
  5 goliath frogs
  Lodul (D:13)
  3 salamander mystics (Snake:4)
  5 skeletal warriors
  12 swamp dragons
  A bog body (Swamp:3)
  2 spriggan druids
  3 naga ritualists
  11 deep elf archers
  24 deep elf zephyrmancers
  An ironbound convoker (Vaults:1)
  3 mana vipers
  11 ugly things
  4 orc knights
  An oklob plant (Lair:1)
  23 deep elf pyromancers
  2 will-o-the-wisps
  6 orc sorcerers
  6 salamanders
  3 cyclopes
  3 ice statues (IceCv)
  A black mamba (shapeshifter) (Elf:3)
  A vault sentinel (Vaults:1)
  2 guardian serpents (Snake:4)
  A smoke demon (Lair:5)
  12 naga magi
  16 black mambas
  6 cane toads
  10 komodo dragons
  A freezing wraith (D:14)
  A komodo dragon (shapeshifter) (Gauntlet)
  2 kobold demonologists
  An efreet (D:15)
  8 yaktaurs
  5 rime drakes
  2 ice devils (Lair:5)
  3 polar bears
  6 trolls
  A bloated husk (Swamp:1)
  11 hornets
  8 tyrant leeches
  14 blink frogs
  16 slime creatures
  A vampire (D:13)
  A jumping spider (Gauntlet)
  A centaur simulacrum (D:14)
  3 water elementals (Elf:1)
  3 air elementals
  2 dire elephant simulacra
  5 fire elementals
  2 wraiths
  5 wyverns
  26 yaks
  A hog (Snake:4)
  A steam dragon (D:9)
  A basilisk (D:15)
  A redback (Gauntlet)
  3 vampire mosquitoes
  3 wargs (Orc:1)
  34 nagas
  12 swamp worms
  3 acid dragons
  8 water moccasins
  A hydra simulacrum (IceCv)
  8 swamp drakes
  4 hell hounds
  28 orc warriors
  A sky beast (D:5)
  An ice beast (D:7)
  12 ogres
  4 black bears
  10 centaurs
  11 wolves
  Blork the orc (D:5)
  3 kobold brigands
  6 bullfrogs
  2 earth elementals (Elf:2)
  A necrophage (D:7)
  A gnoll sergeant (Orc:2)
  10 scorpions
  A cane toad simulacrum (Lair:2)
  6 wights
  9 killer bees
  An electric eel (Elf:3)
  2 howler monkeys
  A lava snake (Lair:4)
  8 hounds
  9 orc priests
  A jelly (D:4)
  3 iguanas
  10 orc wizards
  A spriggan simulacrum (Lair:2)
  2 wolf simulacra (IceCv)
  A mummy (D:6)
  Robin (D:3)
  7 adders
  5 gnolls
  A shadow imp (D:8)
  7 white imps
  A worm (D:4)
  3 dart slugs
  57 orcs
  7 endoplasms
  7 giant cockroaches
  14 goblins
  12 hobgoblins
  3 jackals (D:1)
  6 quokkas
  8 ball pythons
  5 bats
  A frilled lizard (D:2)
  18 kobolds
  4 rats
  A butterfly (D:5)
872 creatures vanquished.

Vanquished Creatures (collateral kills)
  Bai Suzhen (Elf:3)
  Zenata (Elf:1)
  A deep elf master archer (Elf:3)
  Asterion (Elf:1)
  Kirke (Snake:4)
  8 nagarajas
  A tengu reaver (Vaults:1)
  A vault warden (Vaults:1)
  5 deep elf sorcerers (Elf:3)
  Aizul (Lair:3)
  5 deep elf elementalists (Elf:3)
  2 stone giants (Vaults:1)
  An ironbound preserver (Vaults:1)
  2 orc warlords
  2 deep elf demonologists (Elf:3)
  A deep elf annihilator (Elf:3)
  Azrael (Snake:1)
  A minotaur (Gauntlet)
  An eleionoma (Swamp:2)
  2 deep elf death magi (Elf:3)
  A yaktaur captain (Vaults:1)
  A shambling mangrove (Swamp:3)
  2 deep elf high priests (Elf:3)
  5 hydras
  A hell beast (Lair:5)
  2 salamander tyrants (Snake:4)
  4 anacondas
  A great orb of eyes (Vaults:1)
  2 death knights (D:14)
  5 alligators
  A two-headed ogre (D:13)
  2 naga warriors
  A tengu warrior (D:15)
  A boulder beetle (D:13)
  8 dancing weapons
  An orc high priest (Orc:2)
  2 naga sharpshooters (Snake:4)
  4 shock serpents
  4 spriggans
  2 deep elf knights
  Nergalle (Orc:1)
  A skeletal warrior (D:14)
  2 spriggan druids (Swamp:4)
  3 salamander mystics
  A goliath frog (Swamp:3)
  A bog body (Swamp:1)
  4 deep elf archers
  An ironbound convoker (Vaults:1)
  A lindwurm (Lair:4)
  9 deep elf pyromancers
  3 wizards
  4 naga ritualists
  3 orc knights
  4 swamp dragons
  4 orc sorcerers
  10 deep elf zephyrmancers
  3 ugly things
  4 will-o-the-wisps
  A manticore (D:14)
  2 mana vipers
  4 salamanders
  2 cyclopes
  A vault sentinel (Vaults:1)
  A guardian serpent (shapeshifter) (Gauntlet)
  3 naga magi
  15 black mambas
  A gargoyle (D:14)
  4 cane toads
  2 kobold demonologists
  4 rime drakes
  A yaktaur (D:15)
  2 unseen horrors
  4 komodo dragons
  A komodo dragon (shapeshifter) (Elf:1)
  2 ice devils
  2 red devils (Lair:5)
  3 trolls
  7 tyrant leeches
  2 hornets
  7 slime creatures
  4 blink frogs
  2 water elementals (Elf:3)
  A shadow (D:11)
  16 yaks
  A vampire (D:13)
  2 fire elementals
  4 hogs (Snake:4)
  2 vampire mosquitoes
  A basilisk (Lair:5)
  A steam dragon (D:9)
  A death yak simulacrum (IceCv)
  5 swamp worms
  19 nagas
  6 wargs
  4 water moccasins
  3 hell hounds (Lair:5)
  19 orc warriors
  A water moccasin (shapeshifter) (Gauntlet)
  7 wolves
  6 ogres
  2 centaurs
  2 kobold brigands
  4 bullfrogs
  A cane toad simulacrum (IceCv)
  2 earth elementals (Elf:2)
  2 killer bees (D:8)
  8 orc priests
  6 orc wizards
  A polar bear simulacrum (IceCv)
  3 gnolls (Orc:2)
  7 white imps (Lair:4)
  41 orcs
  6 kobolds
409 creatures vanquished.

Vanquished Creatures (others)
  2 deep elf knights
  A deep elf archer (Elf:2)
  A deep elf zephyrmancer (Elf:2)
  2 humans (Snake:4)
  A kobold brigand (D:14)
  An orc priest (D:14)
  37 battlemagi
  14 demonic plants (Gauntlet)
  12 foxfires (Swamp:4)
  36 fungi
  37 plants
144 creatures vanquished.

Grand Total: 1425 creatures vanquished

Notes
Turn   | Place    | Note
-------+----------+-------------------------------------------
     0 | D:1      | freelancePsychic the Demonspawn Wanderer began the quest
                  | for the Orb.
     0 | D:1      | freelancePsychic set off with the following items: a +3
                  | sling, a scroll of teleportation {@r4}, a +0 robe; and the
                  | following spell memorised: Sting; and the following spells
                  | available to memorise: Spider Form.
     0 | D:1      | Reached XP level 1. HP: 16/16 MP: 3/3
   130 | D:1      | Gained mutation: You have a pair of small horns on your
                  | head. [demonic ancestry]
   130 | D:1      | Reached XP level 2. HP: 22/22 MP: 5/5
   293 | D:1      | Gained mutation: Spells you cast may paralyse adjacent
                  | enemies. [demonic ancestry]
   293 | D:1      | Reached XP level 3. HP: 18/28 MP: 6/6
   682 | D:2      | Identified the +4 dagger of Accidental Termination
                  | {protect, rPois rC+ rCorr Dex+4}
   931 | D:2      | Found Xidece's General Store.
   961 | D:2      | Reached skill level 1 in Poison Magic
  1104 | D:2      | Reached skill level 1 in Transmutations
  1419 | D:3      | Gained mutation: You may rarely emit foul miasma when
                  | damaged in melee. [demonic ancestry]
  1419 | D:3      | Reached XP level 4. HP: 34/34 MP: 7/7
  1449 | D:3      | Identified the +1 ring mail of Orthodoxy {rC+ rCorr Int+3
                  | Dex+2}
  1550 | D:3      | Noticed Robin
  1596 | D:3      | Killed Robin
  1909 | D:3      | You fall into a shaft and drop 3 floors!
  1926 | D:5      | Entered Level 5 of the Dungeon
  2130 | D:4      | Gained mutation: Spells you cast may paralyse nearby
                  | enemies. [demonic ancestry]
  2130 | D:4      | Reached XP level 5. HP: 40/40 MP: 4/8
  2223 | D:4      | Reached skill level 1 in Short Blades
  2277 | D:4      | Found an ornate altar of the Wu Jian Council.
  2488 | D:4      | Gained mutation: You are partially covered in yellow
                  | scales. (AC +2) [demonic ancestry]
  2488 | D:4      | Reached XP level 6. HP: 46/46 MP: 4/9
  3568 | D:5      | Reached XP level 7. HP: 47/51 MP: 9/11
  3607 | D:5      | Found a runed translucent door.
  3607 | D:5      | Identified the +10 flail of Tomorrow {freeze, Dex+5}
  3610 | D:5      | Found a runed translucent door.
  3635 | D:5      | Reached skill level 5 in Transmutations
  3712 | D:5      | Reached XP level 8. HP: 57/57 MP: 13/13
  3800 | D:5      | Noticed Blork the orc
  3813 | D:5      | Killed Blork the orc
  3814 | D:5      | Reached skill level 1 in Conjurations
  4336 | D:5      | Found a basalt altar of Yredelemnul.
  4386 | D:5      | Found a shimmering blue altar of Sif Muna.
  4412 | D:5      | Noticed an angel
  4548 | D:5      | Learned a level 5 spell: Irradiate
  4707 | D:6      | Identified the +1 leather armour of the Original Sin {rF+
                  | rN+}
  4946 | D:6      | Found a staircase to the Ecumenical Temple.
  5041 | Temple   | Entered the Ecumenical Temple
  5412 | Temple   | Became a worshipper of Hepliaklqana the Forgotten
  5530 | D:6      | Reached XP level 9. HP: 65/65 MP: 16/16
  5640 | D:6      | Found a blossoming altar of Fedhas.
  5649 | D:6      | Found a shadowy altar of Dithmenos.
  5652 | D:6      | Found a sparkling altar of Nemelex Xobeh.
  6119 | D:7      | Found a radiant altar of Vehumet.
  6127 | D:7      | Found a shimmering altar of Xom.
  6143 | D:7      | Reached skill level 5 in Spellcasting
  6365 | D:8      | Reached * piety under Hepliaklqana
  6371 | D:8      | Found Rifok's Distillery.
  6379 | D:8      | Bought a potion of brilliance for 40 gold pieces
  6379 | D:8      | Bought a potion of heal wounds for 50 gold pieces
  6379 | D:8      | Bought 3 potions of magic for 240 gold pieces
  6853 | D:8      | Reached ** piety under Hepliaklqana
  6854 | D:8      | Remembered your ancestor Lethe as a battlemage
  7065 | D:8      | Reached skill level 5 in Conjurations
  7072 | D:8      | Noticed a two-headed ogre
  7098 | D:8      | Killed a two-headed ogre
  7099 | D:8      | Reached skill level 5 in Fighting
  7385 | D:9      | Gained mutation: You have a pair of horns on your head.
                  | [demonic ancestry]
  7385 | D:9      | Reached XP level 10. HP: 66/66 MP: 17/17
  7668 | D:9      | Found a staircase to the Lair.
  7701 | D:9      | Identified the +3 long sword of Bismer {freeze, *Rage rPois
                  | rN+ Dex+8}
  7876 | D:9      | Found Icueroj's Antique Armour Boutique.
  7885 | D:9      | Bought a pair of jewelled boots for 285 gold pieces
  7885 | D:9      | Identified the +2 pair of boots of the Bedazzling Gods
                  | {Drain rElec Str+9 Int-3} (You bought it in a shop on level
                  | 9 of the Dungeon)
  8263 | D:10     | Entered Level 10 of the Dungeon
  9027 | D:10     | Identified the +2 pair of gloves of the Many Hosts {-Cast
                  | rElec Will++ rCorr}
  9049 | D:10     | Found a staircase to the Orcish Mines.
  9234 | D:11     | Reached *** piety under Hepliaklqana
  9248 | D:11     | Noticed a deep elf pyromancer
  9248 | D:11     | Noticed a cyclops
  9254 | D:11     | Noticed a two-headed ogre
  9268 | D:11     | Killed a deep elf pyromancer
  9269 | D:11     | Reached XP level 11. HP: 70/75 MP: 19/19
  9272 | D:11     | Killed a two-headed ogre
  9273 | D:11     | Found a bloodstained altar of Trog.
  9455 | D:11     | Found a transporter.
  9457 | D:11     | Noticed a two-headed ogre
  9460 | D:11     | Noticed a skeletal warrior
  9462 | D:11     | Noticed GleepGlorp's ghost (journeyman FoFi)
  9471 | D:11     | Learned a level 5 spell: Iskenderun's Battlesphere
  9473 | D:11     | Learned a level 1 spell: Magic Dart
  9476 | D:11     | Found a transporter.
  9750 | D:11     | Reached skill level 10 in Conjurations
  9802 | D:11     | Identified the +2 ring mail "Jeilirin" {rN+}
 10508 | D:12     | Noticed Sonja
 10512 | D:12     | Killed Sonja
 10526 | D:12     | Found Tofunem's Jewellery Shoppe.
 10560 | D:12     | Noticed a white ugly thing
 10567 | D:12     | Killed a white ugly thing
 10691 | D:12     | Found Ywyokeot's Armour Shop.
 10691 | D:12     | Found Mealleid's Distillery.
 10700 | D:12     | Bought a potion of curing for 45 gold pieces
 10700 | D:12     | Bought a potion of degeneration for 15 gold pieces
 10783 | D:12     | Found Uveun's Assorted Antiques.
 10802 | D:12     | Bought a scroll labelled PASACKAHON for 30 gold pieces
 11217 | D:9      | Bought an embroidered scarf for 240 gold pieces
 11292 | Lair:1   | Entered Level 1 of the Lair of Beasts
 11353 | Lair:1   | Gained mutation: You are mostly covered in yellow scales.
                  | (AC +3) [demonic ancestry]
 11353 | Lair:1   | Reached XP level 12. HP: 44/85 MP: 20/20
 11600 | Lair:1   | Reached **** piety under Hepliaklqana
 11911 | Lair:1   | Identified the ring "Eliujoc" {rF++ rC++ Will+ Stlth-}
 12180 | Lair:1   | Reached skill level 5 in Dodging
 12735 | Lair:2   | Reached skill level 1 in Earth Magic
 12772 | Lair:2   | Noticed a death yak
 12779 | Lair:2   | Reached skill level 10 in Fighting
 12784 | Lair:2   | Killed a death yak
 13051 | Lair:2   | Reached ***** piety under Hepliaklqana
 13519 | Lair:3   | Learned a level 6 spell: Iron Shot
 13817 | Lair:3   | Found a staircase to the Snake Pit.
 14112 | Lair:3   | Noticed a boulder beetle
 14119 | Lair:3   | Killed a boulder beetle
 14120 | Lair:3   | Gained mutation: You have a pair of large horns on your
                  | head. [demonic ancestry]
 14120 | Lair:3   | Reached XP level 13. HP: 93/93 MP: 13/21
 14529 | Lair:3   | Found a staircase to the Swamp.
 14612 | Lair:4   | Found a frozen archway.
 14632 | Lair:3   | Reached skill level 5 in Short Blades
 14718 | Lair:4   | Identified the +3 scale mail of the Divine Snail {Will++
                  | Regen+}
 14753 | IceCv    | Entered an ice cave
 14836 | IceCv    | Identified the +2 hat of Defence {rN+ Will+ Str+3 Slay-4}
 14936 | IceCv    | Identified the +7 shortbow "Feggiff" {antimagic, rPois rN+
                  | rCorr Dex+2}
 15306 | Lair:4   | Found a viscous altar of Jiyva.
 15306 | Lair:4   | Found a staircase to the Slime Pits.
 16178 | Lair:5   | Entered Level 5 of the Lair of Beasts
 16608 | Lair:5   | Identified the +5 long sword of Sandy Tenacity {drain, rC+}
 16655 | Lair:5   | Reached XP level 14. HP: 95/102 MP: 18/25
 17122 | Lair:5   | Found a burning altar of Makhleb.
 17249 | Lair:5   | Found a gateway to Hell.
 17883 | D:13     | Identified the +5 chain mail of Spite {Str+4}
 17929 | D:13     | Reached skill level 5 in Earth Magic
 17929 | D:13     | Reached skill level 1 in Invocations
 18117 | D:13     | Identified the +1 robe of Lugonu's Favour {Rampage Regen+
                  | Dex+2 SInv}
 18138 | D:13     | Reached skill level 10 in Dodging
 18475 | D:13     | Noticed Lodul
 18484 | D:13     | Killed Lodul
 19152 | D:13     | Reached skill level 5 in Invocations
 20157 | D:14     | Noticed Jorgrun
 20164 | D:14     | Killed Jorgrun
 20165 | D:14     | Reached XP level 15. HP: 108/108 MP: 16/27
 20426 | D:14     | Found a gate to the Vaults.
 20492 | D:15     | Entered Level 15 of the Dungeon
 20695 | D:15     | Reached ****** piety under Hepliaklqana
 21458 | D:15     | Found a staircase to the Depths.
 22242 | Orc:1    | Entered Level 1 of the Orcish Mines
 22424 | Orc:1    | Noticed Nergalle
 22431 | Orc:1    | Killed Nergalle
 22794 | Orc:1    | Identified the +10 shortbow "Senar" {antimagic, *Slow
                  | +Blink rF+ SInv}
 23206 | Orc:1    | Learned a level 5 spell: Lee's Rapid Deconstruction
 23238 | Orc:2    | Entered Level 2 of the Orcish Mines
 23238 | Orc:2    | Found a gate leading to a gauntlet.
 23256 | Gauntlet | Entered a Gauntlet
 23256 | Gauntlet | Found a transporter.
 23256 | Gauntlet | Found a transporter.
 23492 | Gauntlet | Found a transporter.
 23492 | Gauntlet | Found a transporter.
 23495 | Gauntlet | Found a transporter.
 23507 | Gauntlet | Found a transporter.
 23510 | Gauntlet | Found a transporter.
 23571 | Gauntlet | Found a transporter.
 23581 | Gauntlet | Found a transporter.
 23596 | Gauntlet | Found a transporter.
 23610 | Gauntlet | Found a transporter.
 23621 | Gauntlet | Found a transporter.
 23632 | Gauntlet | Identified the +7 plate armour of Femur {-Tele rCorr Int+3}
 23850 | Gauntlet | Identified the ring of the Leaf {rC+ Will+ AC+4 Int+3
                  | Dex+2}
 23990 | Gauntlet | Identified the +7 arbalest of Zejeguah {vorpal, Fly Int+2}
 25078 | Orc:2    | Found Iwkoem's Antique Weapon Shoppe.
 25200 | Orc:2    | Found a staircase to the Elven Halls.
 25265 | Orc:2    | Found Jaitt's Antique Armour Shoppe.
 25299 | Orc:2    | Found Dyeb's General Store.
 25597 | Orc:2    | Bought a potion of heal wounds for 85 gold pieces
 25597 | Orc:2    | Bought a scroll of magic mapping for 127 gold pieces
 25659 | Orc:2    | Found Entyfaetagg's Book Boutique.
 25921 | D:12     | Bought a potion of heal wounds for 75 gold pieces
 25921 | D:12     | Bought 2 potions of resistance for 300 gold pieces
 25921 | D:12     | Bought a potion of ambrosia for 120 gold pieces
 26109 | Snake:1  | Entered Level 1 of the Snake Pit
 26110 | Snake:1  | Noticed Aizul
 26121 | Snake:1  | Reached XP level 16. HP: 86/117 MP: 3/28
 26134 | Lair:3   | Killed Aizul
 26135 | Lair:3   | Reached skill level 1 in Shields
 26135 | Lair:3   | Reached skill level 10 in Earth Magic
 27057 | Snake:1  | Noticed Azrael
 27068 | Snake:1  | Killed Azrael
 27192 | Snake:1  | Found Meuleo's Self-Improvement Boutique.
 27387 | Snake:1  | Found a runed translucent door.
 27642 | Snake:1  | Noticed sirJeffrey23's ghost (adept MiFi)
 27736 | Snake:2  | Noticed Vashnia
 29084 | Snake:2  | Killed Vashnia
 29642 | Snake:2  | Reached skill level 5 in Shields
 31558 | Snake:4  | Entered Level 4 of the Snake Pit
 32149 | Snake:4  | Identified a scroll of acquirement
 32150 | Snake:4  | Acquired 672 gold pieces
 32310 | Snake:4  | Noticed Kirke
 32311 | Snake:4  | Gained mutation: You are robust. (+10% HP) [demonic
                  | ancestry]
 32311 | Snake:4  | Reached XP level 17. HP: 64/140 MP: 8/29
 32315 | Snake:4  | Killed Kirke
 33610 | Snake:4  | Identified Roxanne's Folio of Permutations
 33610 | Snake:4  | Noticed Roxanne
 33679 | Snake:4  | Reached skill level 15 in Fighting
 34643 | Snake:4  | Got a serpentine rune of Zot
 35111 | Swamp:1  | Entered Level 1 of the Swamp
 35814 | Swamp:2  | Reached skill level 10 in Spellcasting
 37005 | Swamp:3  | Reached XP level 18. HP: 79/149 MP: 7/32
 37709 | Swamp:3  | Noticed Donald
 37713 | Swamp:3  | Killed Donald
 37880 | Swamp:4  | Entered Level 4 of the Swamp
 38769 | Swamp:4  | Got Sif Muna's Treatise on the Injurious Ground
 38787 | Swamp:4  | Got a decaying rune of Zot
 39082 | Elf:1    | Entered Level 1 of the Elven Halls
 39250 | Elf:1    | Reached skill level 15 in Conjurations
 39357 | Elf:1    | Identified the +1 kite shield "Put-Me-On" {-Cast Fly rCorr
                  | SInv}
 39357 | Elf:1    | Noticed Asterion
 39362 | Elf:1    | Killed Asterion
 39670 | Elf:1    | Found a runed translucent gate.
 39670 | Elf:1    | Found a runed translucent gate.
 39670 | Elf:1    | Found a runed translucent gate.
 39670 | Elf:1    | Found a runed translucent gate.
 39670 | Elf:1    | Found a runed translucent gate.
 39672 | Elf:1    | Found a runed translucent gate.
 40122 | Elf:1    | Noticed Zenata
 40160 | Elf:1    | Killed Zenata
 40518 | Elf:2    | Reached XP level 19. HP: 151/155 MP: 28/33
 40689 | Elf:2    | Found Bioxt's Jewellery Boutique.
 40755 | Elf:2    | Bought the ring of the Tortoise {AC+8} for 2304 gold pieces
 40755 | Elf:2    | Found the ring of the Tortoise {AC+8}
 40945 | Elf:2    | Found a runed translucent gate.
 40946 | Elf:2    | Found a runed translucent gate.
 40946 | Elf:2    | Found a runed translucent gate.
 41192 | Elf:3    | Entered Level 3 of the Elven Halls
 41271 | Elf:3    | Noticed a Tzitzimitl
 41576 | Elf:3    | Reached skill level 10 in Shields
 41949 | Elf:3    | Reached skill level 1 in Armour
 41986 | Elf:3    | Noticed Bai Suzhen
 41991 | Elf:3    | Killed Bai Suzhen
 42308 | Elf:3    | Noticed a Tzitzimitl
 42341 | Elf:3    | Identified the ring "Efuum" {+Blink rC+ rN+ Dex-2 Slay+3}
 42348 | Elf:3    | Identified the +6 dagger "Liomneqer" {vorpal, Str+6 Int+3}
 42988 | Elf:3    | Identified the +10 rapier of Cataclysm {drain, rElec rF+
                  | rC- rN+ Dex-2}
 43006 | Elf:3    | Identified the +7 rapier of Oily Responsibility {freeze,
                  | Dex+6}
 43010 | Elf:3    | Reached skill level 5 in Armour
 43163 | Elf:3    | Identified the +0 pearl dragon scales of the Gravedigger
                  | {rF+ rN+ Will+}
 43540 | Elf:3    | Gained mutation: Spells you cast and wands you use may
                  | paralyse nearby enemies. [demonic ancestry]
 43540 | Elf:3    | Reached XP level 20. HP: 140/164 MP: 14/34
 43651 | Elf:3    | Identified the +5 plate armour "Ynig" {Str+4 SInv}
 43699 | Elf:3    | Identified the +0 leather armour of Ityannoudu {Rampage Fly
                  | rF+ rN+ Stlth-}
 43937 | Elf:3    | Got the Enchiridion on Meteoric Unhallowed Mysteries
 44253 | Vaults:1 | Entered Level 1 of the Vaults
 44352 | Vaults:1 | Killed from afar by an ironbound thunderhulk

Illustrated notes

Levels and vault maps discovered:
D:1:      spicycebolla_arrival_xxxplode, layout_rooms
D:2:      layout_basic, serial_shops, nicolae_shop_advertising_works
          [nicolae_subvault_shop_adworks]
D:3:      layout_basic, uniq_robin
D:4:      layout_loops_cross, mainiacjoe_overflow_boulevard,
          kennysheep_generic_room_6
D:5:      lemuel_insect_pit, layout_basic, grunt_temple_overflow_holy_war,
          lemuel_blue_sif_altar, uniq_blork_the_orc
D:6:      layout_cave_pools, nicolae_overflow_hidden_temple,
          grunt_temple_overflow_diamond, lemuel_temple_firewalk_b,
          gup_ossuary_entry_pyramid
D:7:      layout_basic, chequers_temple_overflow_statue_of_worship
D:8:      layout_basic, serial_shops, nicolae_shop_competitors_out_of_business
D:9:      layout_loops_ring, lair_entry_dummy, serial_shops,
          nicolae_square_shop, minmay_misc_feat_plants, minmay_misc_feat_room
D:10:     layout_roguey, david_orc_5, serial_bayou_pond_d
D:11:     layout_loops_corners, nzn_ghost_randoct, minmay_ruined_shrine
D:12:     layout_irregular_city, serial_shops, nicolae_shop_statue_plus, shop,
          nicolae_shop_trees, shop, uniq_sonja
D:13:     layout_basic, uniq_lodul
D:14:     layout_gridville, hangedman_vaults_entry_quadrant_bands,
          hangedman_decor_opposing, uniq_jorgrun
D:15:     grunt_enter_depths_snipers, layout_basic, serial_glass,
          glass_columns_b, glass_columns_a
Temple:   minmay_temple_forest_path
Lair:1:   beast_lair_carwin_large_4, layout_chaotic_city,
          minmay_lair_oklob_items, patterned_corridor
Lair:2:   dreamdust_isle_of_ice, layout_cave_shapes
Lair:3:   layout_roguey, palyth_hydra_swamp_entry,
          minmay_snake_entry_guardpost_large, wad_woods_road_01
Lair:4:   layout_gridlike, slime_entry_1, portal_ice_cave_entry_imps,
          grunt_megastairs_4
Lair:5:   evil_forest, layout_cave_pods
Swamp:1:  layout_basic_swamp, evilmike_swamp_ruin_house_4
Swamp:2:  layout_falls_marsh, serial_swamp_ruin, evilmike_swamp_ruin_rubble_2,
          evilmike_swamp_ruin_house_5, evilmike_swamp_ruin_wall,
          hangedman_swamp_wriggling, infiniplex_staircase_pool
Swamp:3:  layout_basic_swamp, hangedman_swamp_lotus, uniq_donald
Swamp:4:  swamp, layout_basic_swamp
Snake:1:  layout_grid_shapes, ebering_ghost_reflecting_pool,
          nicolae_shop_self_help, nicolae_triple_integral, uniq_azrael,
          uniq_aizul
Snake:2:  layout_basic, uniq_vashnia
Snake:3:  layout_chambers
Snake:4:  grunt_snake_rune_spirals, layout_onion_interference, basic_altar,
          uniq_kirke, uniq_roxanne
Orc:1:    layout_caves, minmay_orc_treasury, uniq_nergalle
Orc:2:    grunt_orc_gardens, layout_caves, grunt_orc_garden, grunt_orc_garden,
          grunt_orc_garden, grunt_orc_garden, gauntlet_entry_generic
Elf:1:    nicolae_elf_arrival_fired_up, layout_loops_cross, minivault_28,
          orc_legates, uniq_zenata, uniq_asterion
Elf:2:    nicolae_elf_blades_crystal_corner, layout_geoelf_octagon,
          serial_shops, nicolae_shop_competitors_out_of_business,
          lemuel_flamethrower_hall
Elf:3:    nooodl_elf_gasket, layout_onion_city, minivault_14,
          nrook_mini_backslash, minivault_20, uniq_bai_suzhen
Vaults:1: v_misc_28, hangedman_vaults_locks, v_pattern_1, vaults_dpeg_diagonal,
          vaults_room_pool, vaults_mumra_hexcomb,
          dpeg_vaults_pockets_of_resistance, hangedman_vaults_slice,
          layout_vaults_big_room

Skill      XL: |  1  2  3  4  5  6  7  8  9 10 11 12 13 14 15 16 17 18 19 20 |
---------------+-------------------------------------------------------------+-----
Ranged Weapons | 3 |  3.5
Poison Magic   | 1 2 |  2.7
Transmutations | 1 2 3 5 6 8 9 |  9.2
Short Blades   | 1 2 3 5 6 |  6.0
Spellcasting   | 3 4 5 7 8 10 | 10.6
Fighting       | 3 5 7 9 10 11 12 13 14 15 16 | 16.2
Conjurations   | 3 6 9 11 12 14 15 16 | 16.1
Dodging        | 3 6 8 11 12 | 12.2
Earth Magic    | 4 7 9 11 12 14 | 14.9
Stealth        | 4 |  4.0
Invocations    | 7 9 |  9.9
Shields        | 5 6 9 10 11 | 11.0
Armour         | 5 6 |  6.0

Action                   |  1- 3 |  4- 6 |  7- 9 | 10-12 | 13-15 | 16-18 | 19-21 || total
-------------------------+-------+-------+-------+-------+-------+-------+-------++-------
Melee: Dagger            |    14 |    72 |   144 |   169 |   365 |   344 |   104 ||  1212
       Headbutt          |     1 |    14 |    25 |    38 |   106 |    92 |    38 ||   314
       Punch             |       |       |     3 |     4 |     4 |       |       ||    11
       Rapier            |       |       |       |       |       |       |    15 ||    15
 Fire: Sling             |    67 |       |       |       |       |       |       ||    67
 Cast: Sting             |     5 |    31 |    76 |    61 |       |     2 |       ||   175
       Irradiate         |       |       |       |    25 |    75 |    53 |    19 ||   172
       Magic Dart        |       |       |       |   138 |   384 |     2 |       ||   524
       Iskenderun's Batt |       |       |       |    28 |    65 |     2 |       ||    95
       Iron Shot         |       |       |       |       |    71 |   306 |    98 ||   475
       Lee's Rapid Decon |       |       |       |       |       |    22 |    12 ||    34
Invok: Ancestor Life: Ba |       |       |     1 |       |       |       |       ||     1
       Ancestor Identity |       |       |     1 |       |       |       |       ||     1
       Recall Ancestor   |       |       |       |     2 |     6 |     2 |       ||    10
       Idealise          |       |       |       |       |     3 |     6 |     7 ||    16
Evoke: Wand              |       |       |       |       |       |     3 |     4 ||     7
  Use: Scroll            |       |     5 |     2 |    15 |     6 |     8 |     6 ||    42
       Potion            |       |       |     1 |     2 |     1 |     3 |     6 ||    13
 Stab: Sleeping          |     5 |     5 |     5 |     2 |     2 |     5 |       ||    24
       Paralysed         |     3 |    17 |    37 |    60 |    75 |    54 |    14 ||   260
       Distracted        |       |       |       |     3 |     2 |     7 |     6 ||    18
       Invisible         |       |       |       |       |       |       |     2 ||     2
Armor: Robe              |     6 |       |       |       |       |       |       ||     6
       Ring mail         |       |    26 |    73 |    40 |       |       |       ||   139
       Steam dragon scal |       |       |       |    43 |   179 |   201 |    52 ||   475
       Troll leather arm |       |       |       |    11 |       |       |       ||    11
Dodge: Dodged            |    19 |    28 |    59 |   138 |   460 |   417 |    99 ||  1220
Block: Buckler           |       |       |       |       |       |   155 |    26 ||   181
       Kite shield       |       |       |       |       |       |       |    63 ||    63

Table legend: (Time is in decaauts)
 A = Elapsed time spent in this place.
 B = Non-inter-level travel time spent in this place.
 C = Inter-level travel time spent in this place.
 D = Time resting spent in this place.
 E = Time spent auto-exploring this place.
 F = Levels seen in this place.
 G = Mean time per level.
                   A        B        C        D        E       F      G
               +--------+--------+--------+--------+--------+-----+--------+
         Total |  44402 |  40660 |   3742 |   3142 |  30978 |  37 | 1200.1 |
       Dungeon |  16462 |  14479 |   1983 |    606 |  11526 |  15 | 1097.5 |
        Temple |    431 |    358 |     73 |      0 |    344 |   1 |  431.0 |
          Lair |   6799 |   5857 |    942 |    127 |   4803 |   5 | 1359.8 |
         Swamp |   3952 |   3776 |    176 |    284 |   2950 |   4 |  988.0 |
     Snake Pit |   8296 |   7994 |    302 |   1291 |   5654 |   4 | 2074.0 |
  Orcish Mines |   2121 |   1989 |    132 |    375 |   1281 |   2 | 1060.5 |
   Elven Halls |   4948 |   4818 |    130 |    366 |   3489 |   3 | 1649.3 |
        Vaults |     99 |     99 |      0 |      0 |     31 |   1 |   99.0 |
      Ice Cave |    535 |    535 |      0 |     93 |    249 |   1 |  535.0 |
      Gauntlet |    755 |    755 |      0 |      0 |    649 |   1 |  755.0 |
               +--------+--------+--------+--------+--------+-----+--------+

Top non-repeatable levels by time:
 Snake:4: 3432 daAuts
   Elf:3: 2826 daAuts
 Snake:1: 2110 daAuts
  Lair:3: 1769 daAuts
    D:13: 1559 daAuts
    D:14: 1472 daAuts
  Lair:1: 1471 daAuts
  Lair:5: 1438 daAuts
   Elf:1: 1431 daAuts
    D:10: 1411 daAuts
   Orc:1: 1386 daAuts
    D:15: 1386 daAuts
 Snake:3: 1380 daAuts
 Snake:2: 1373 daAuts
    D:11: 1329 daAuts
